 Dungeon Crawl Stone Soup version 0.26.0-10-g1f06aea511 (webtiles) character file.

Game seed: 15478041359102712273

1112 Arthanis the Arsonist (level 8, -2/41 HPs)
             Began as a Deep Elf Fire Elementalist on Jan 19, 2021.
             Shot with an arrow by a centaur (10 damage)
             ... on level 5 of the Dungeon.
             The game lasted 00:07:19 (5733 turns).

Arthanis the Arsonist (Deep Elf Fire Elementalist)  Turns: 5733, Time: 00:07:20

Health: -2/41      AC:  2    Str:  5    XL:     8   Next: 11%
Magic:  7/20       EV: 13    Int: 23    God:
Gold:   147        SH:  0    Dex: 15    Spells: 7/20 levels left

rFire    + . .     SeeInvis .   q - staff of fire
rCold    + . .     Faith    .   (no shield)
rNeg     . . .     Spirit   .   a - +0 robe
rPois    .         Reflect  .   (no helmet)
rElec    .         Harm     .   (no cloak)
rCorr    .         Rampage  .   (no gloves)
Will     .....                  (no boots)
Stlth    ++........             (no amulet)
HPRegen  0.13/turn              g - ring of protection from cold
MPRegen  0.17/turn              (no ring)

@: no status effects
A: no striking features
a: no special abilities


You were on level 5 of the Dungeon.
You visited 1 branch of the dungeon, and saw 5 of its levels.
You also visited: Sewer.

You collected 147 gold pieces.

Inventory:

Hand Weapons
 c - a +0 short sword
 o - a +0 spear
 p - a +2 antimagic hand axe
Armour
 a - a +0 robe (worn)
Magical Staves
 q - an uncursed staff of fire (weapon)
Jewellery
 g - a ring of protection from cold (left hand)
Wands
 t - a wand of acid (8)
Scrolls
 d - a scroll of fear
 h - a scroll of amnesia {unknown}
 i - a scroll of enchant armour
 j - a scroll of enchant weapon {unknown}
 l - 2 scrolls of remove curse
 n - 2 scrolls of blinking
 r - a scroll of teleportation {unknown}
 s - a scroll of magic mapping {unknown}
Potions
 b - 2 potions of attraction {unknown}
 e - 3 potions of curing
 f - 2 potions of flight {unknown}
 k - a potion of magic {unknown}
 m - 3 potions of heal wounds {unknown}


   Skills:
 - Level 2.4 Dodging
 - Level 2.4 Stealth
 + Level 6.8 Spellcasting
 + Level 5.2 Conjurations
 * Level 8.1 Fire Magic


You had 7 spell levels left.
You knew the following spells:

 Your Spells              Type           Power        Failure   Level
a - Foxfire               Conj/Fire      100%         1%          1
b - Conjure Flame         Conj/Fire      55%          1%          3
c - Sticky Flame          Conj/Fire      55%          4%          4
d - Fireball              Conj/Fire      27%          14%         5

Your spell library contained the following spells:

 Spells                   Type           Power        Failure   Level
 Inner Flame              Hex/Fire       40%          4%          3


Dungeon Overview and Level Annotations

Branches:
Dungeon (5/15)              Sewer (visited)
 Temple: D:4-7

Altars:
Cheibriados
Trog

Annotations:
D:4 Duvessa


Message History

The foxfire hits the centaur but does no damage.
The centaur unwields a +0 whip.
The centaur wields a +0 shortbow.
The centaur shoots an arrow.
The arrow hits you.
You see here an arrow.
Found a stone staircase leading down.
The centaur shoots an arrow.
The arrow hits you!
You see here an arrow.
The centaur shoots an arrow.
The arrow hits you!
You see here an arrow.
Casting: Foxfire (safe; 1% risk of failure)
Confirm with . or Enter, or press ? or * to list all spells.
You feel a surge of power!
You conjure some foxfire!
The centaur shoots an arrow.
The arrow hits you!
* * * LOW HITPOINT WARNING * * *
Casting: Foxfire (safe; 1% risk of failure)
Confirm with . or Enter, or press ? or * to list all spells.
You feel a surge of power!
You conjure some foxfire!
The centaur shoots an arrow.
The arrow barely misses you.
The centaur shoots an arrow.
The arrow hits you!
You die...

....# .. #.....# # #..
#...#.##.# #.. ... ...#.
#.# #.. .... #.# #.#
#..# #.# #># #..#
###.###.###v###<.#
#.......(..(@v§†.#####.#
.#####c###.vv.........#
#.# ######.###### #.#
#...##.#
#.######.###.#....#
....§..c..§#...####
..###§§.##..#.##
#§#.###.#)# #c..# #.#.#


You could see a centaur.

Vanquished Creatures
  Sigmund (D:3)
  3 eyes of draining (D:3)
  A big kobold (Sewer)
  Dowan (D:4)
  A howler monkey (D:4)
  A hound (D:5)
  A jelly (D:5)
  An orc priest (D:5)
  An orc wizard (D:4)
  Natasha (twice) (D:3)
  An iguana (D:4)
  A worker ant (D:4)
  12 gnolls
  7 adders
  2 river rats (D:4)
  A shadow imp (D:5)
  2 oozes
  2 worms
  6 dart slugs
  2 leopard geckos
  5 orcs
  7 giant cockroaches
  3 hobgoblins
  12 jackals
  13 kobolds
  2 quokkas
  2 ball pythons (D:4)
  7 bats
  5 frilled lizards
  6 goblins
  A leopard gecko skeleton (D:4)
  13 rats
125 creatures vanquished.

Vanquished Creatures (others)
  591 foxfires
591 creatures vanquished.

Grand Total: 716 creatures vanquished

Notes
Turn   | Place    | Note
-------+----------+-------------------------------------------
     0 | D:1      | Arthanis the Deep Elf Fire Elementalist began the quest for
                  | the Orb.
     0 | D:1      | Reached XP level 1. HP: 10/10 MP: 6/6
   191 | D:1      | Reached XP level 2. HP: 10/15 MP: 2/8
   552 | D:1      | Reached skill level 4 in Fire Magic
   824 | D:1      | Reached XP level 3. HP: 19/19 MP: 3/10
   828 | D:1      | Learned a level 3 spell: Conjure Flame
  1718 | D:2      | Reached XP level 4. HP: 24/24 MP: 4/11
  1723 | D:2      | Learned a level 4 spell: Sticky Flame
  2689 | D:3      | Noticed Sigmund
  2699 | D:3      | Reached skill level 5 in Fire Magic
  2701 | D:3      | Killed Sigmund
  2702 | D:3      | Reached skill level 5 in Spellcasting
  2702 | D:3      | Reached XP level 5. HP: 8/28 MP: 2/14
  2702 | D:3      | Reached XP level 6. HP: 9/32 MP: 2/15
  2711 | D:3      | Learned a level 5 spell: Fireball
  3161 | D:3      | Noticed Natasha
  3166 | D:3      | Killed Natasha
  3217 | D:3      | Reached skill level 6 in Fire Magic
  3889 | D:3      | Found a bloodstained altar of Trog.
  4034 | D:3      | Reached XP level 7. HP: 36/36 MP: 0/17
  4175 | D:3      | Reached skill level 7 in Fire Magic
  4311 | D:3      | Noticed Natasha
  4317 | D:3      | Killed Natasha
  4769 | D:4      | Noticed Dowan
  4770 | D:4      | Noticed Duvessa
  4836 | D:4      | Found a glowing drain.
  4912 | Sewer    | Entered a sewer
  5124 | Sewer    | Found a white marble altar of Elyvilon.
  5322 | D:4      | Killed Dowan
  5323 | D:4      | Reached skill level 5 in Conjurations
  5473 | D:4      | Found a snail-covered altar of Cheibriados.
  5565 | D:4      | Reached XP level 8. HP: 28/41 MP: 13/20
  5603 | D:5      | Entered Level 5 of the Dungeon
  5668 | D:5      | Reached skill level 8 in Fire Magic
  5733 | D:5      | Shot with an arrow by a centaur

Illustrated notes

Levels and vault maps discovered:
D:1:      shiori_arrival_elements, layout_basic, dk_noncrumbling_4
D:2:      layout_basic, bh_walls_and_bars
D:3:      layout_basic, trog_eyes_of_draining, uniq_sigmund, uniq_natasha
D:4:      layout_basic, kennysheep_slug_shrine, portal_sewer_entry_a,
          minmay_misc_feat_plants, minmay_snake_closets, uniq_duvessa,
          uniq_crazy_yiuf_cottage
D:5:      layout_loops_ring, general_overflow_altar,
          minmay_temple_entry_slanted, minmay_starry_boxes

Skill      XL: |  1  2  3  4  5  6  7  8 |
---------------+-------------------------+-----
Fire Magic     | 4 5 6 7 8 |  8.1
Conjurations   | 2 3 4 5 |  5.2
Spellcasting   | 5 6 |  6.8
Dodging        | |  2.4
Stealth        | |  2.4

Action                   |  1- 3 |  4- 6 |  7- 9 || total
-------------------------+-------+-------+-------++-------
Melee: Unarmed           |     3 |       |       ||     3
       Short sword       |     3 |       |       ||     3
       Hand axe          |       |       |     3 ||     3
 Cast: Foxfire           |    88 |   130 |   145 ||   363
       Sticky Flame      |       |       |     2 ||     2
       Conjure Flame     |       |       |     1 ||     1
  Use: Scroll            |       |       |     5 ||     5
Armor: Robe              |     5 |     1 |     1 ||     7
Dodge: Dodged            |    15 |     8 |     5 ||    28
